Red Wings vs Flyers

Created - June 15, 2017 at 20:44

Goals
1 2 3 T
Red Wings 2 2 0 4
Flyers 0 0 1 1
Shots
1 2 3 T
Red Wings 16 10 5 31
Flyers 6 11 12 29

1st period

1. Red Wings , Sean Bergenheim 7 (Adam Henrique 8) at 4:12
2. Red Wings , Phil Kessel 13 (Tyler Johnson 7) at 14:54

Penalties :
Mats Zuccarello (Phi) for Hooking (Minor) at 15:55

2nd period

3. Red Wings , Mike Brown 2 (Shea Weber 10, Casey Wellman 1) at 6:56
4. Red Wings , Ales Hemsky 4 (Alex Picard 5, Brendan Bell 2) at 13:24

Penalties :
Chris Kreider (Phi) for Goalie Interference (Minor) at 2:02

3rd period

5. Flyers , Jeff Carter 10 (Alexei Morozov 10, Dany Heatley 9) at 11:45 (PP)

Penalties :
Sean Bergenheim (Det) for Holding (Minor) at 11:33, Filip Kuba (Det) for Slashing (Minor) at 12:00, Mats Zuccarello (Phi) for Roughing (Minor) at 19:34

Goalie Stats

Michal Neuvirth (Det), 28 saves from 29 shots - (0.966), W, 9-1-3, 60:00 minutes
Cory Schneider (Phi), 27 saves from 31 shots - (0.871), L, 3-5-1, 60:00 minutes

Players Stats for Red Wings

Player Name              G  A  P  +/- PIM S  H  SB GA TA FO     MP     PP MP  PK MP  
------------------------------------------------------------------------------------
Adam Henrique            0  1  1   1  0   0  0  0  0  0  4/14   16:16   1:52   0:00 
Ales Hemsky              1  0  1   1  0   1  2  0  1  0  0/1    12:14   0:09   0:00 
Alex Picard              0  1  1   1  0   1  2  0  0  0  0/0    12:04   0:00   0:09 
Brendan Bell             0  1  1   1  0   0  3  1  1  3  0/0    12:49   0:00   0:00 
Casey Wellman            0  1  1   1  0   0  0  0  0  0  1/4     9:09   0:00   0:00 
Filip Kuba               0  0  0   1  2   4  0  1  0  0  0/0    20:18   1:31   0:00 
Jiri Fischer             0  0  0   1  0   2  0  2  0  1  0/0    21:26   1:31   1:07 
Mike Brown               1  0  1   1  0   2  0  0  0  0  0/0     9:28   0:09   0:00 
Nate Thompson            0  0  0   1  0   1  0  1  1  0  4/7    12:14   0:09   0:00 
Ole-Kristian Tollefsen   0  0  0   2  0   3  2  1  0  1  0/0    25:45   2:52   1:04 
Phil Kessel              1  0  1   1  0   5  0  1  3  1  0/1    20:10   2:22   0:00 
Rick Nash                0  0  0   1  0   4  1  2  1  0  0/0    21:18   2:22   1:08 
Sean Bergenheim          1  0  1   1  2   1  2  0  0  0  0/0    17:14   1:52   0:59 
Shea Weber               0  1  1   2  0   1  1  0  0  1  0/0    25:45   2:52   1:04 
Steve Downie             0  0  0   1  0   2  5  0  1  1  0/1    17:19   1:52   1:03 
Tim Ramholt              0  0  0   1  0   0  1  0  0  0  0/0    13:56   0:00   1:07 
Tye McGinn               0  0  0   1  0   2  0  0  0  0  0/0     9:09   0:00   0:00 
Tyler Johnson            0  1  1   1  0   2  0  0  0  1  16/32  21:13   2:22   1:03 

Players Stats for Flyers

Player Name              G  A  P  +/- PIM S  H  SB GA TA FO     MP     PP MP  PK MP  
------------------------------------------------------------------------------------
Alexei Morozov           0  1  1  -1  0   4  0  1  0  0  1/1    17:52   1:13   0:00 
Brock Nelson             0  0  0   0  0   1  1  0  1  0  0/0     9:01   0:00   0:23 
Chris Kreider            0  0  0  -2  2   2  1  0  0  1  0/0    18:58   0:58   0:26 
Dany Heatley             0  1  1  -1  0   2  1  0  2  0  1/2    20:16   1:13   2:21 
Jakub Voracek            0  0  0  -2  0   5  1  0  1  0  1/2    18:20   0:58   0:00 
Jeff Carter              1  0  1  -1  0   2  1  0  2  0  11/17  18:54   1:13   0:49 
Jeff O'Neill             0  0  0   0  0   0  1  0  0  0  2/2     8:25   0:00   0:00 
Jeff Woywitka            0  0  0  -1  0   2  1  2  0  1  0/0    26:21   1:19   2:51 
Jonathan Ericsson        0  0  0  -4  0   2  2  1  0  1  0/0    24:05   1:19   2:51 
Kyle Wellwood            0  0  0  -2  0   1  1  0  1  0  14/23  19:33   0:58   1:13 
Mats Zuccarello          0  0  0  -1  4   0  1  0  0  1  1/2    10:45   0:00   0:00 
Matt Smaby               0  0  0  -3  0   1  0  1  0  0  0/0    17:48   0:52   0:00 
Matthew Lombardi         0  0  0  -1  0   1  0  2  0  2  4/10   13:08   0:00   2:21 
Nathan Paetsch           0  0  0   0  0   1  1  0  0  1  0/0    15:51   0:00   1:32 
Pavel Kubina             0  0  0   0  0   3  1  0  0  0  0/0    14:03   0:00   0:00 
Rostislav Olesz          0  0  0  -1  0   0  0  0  1  0  0/1    11:57   0:00   1:13 
Stefan Ruzicka           0  0  0   0  0   1  0  0  1  0  0/0     8:25   0:00   0:00 
Steve McCarthy           0  0  0   0  0   1  3  0  0  1  0/0    21:52   0:52   1:32 

3 Stars

1 - Michal Neuvirth (Det)
2 - Ales Hemsky (Det)
3 - Phil Kessel (Det)

Power Play

Red Wings - 0 on 3 Attempt(s) - 0.00%
Flyers - 1 on 2 Attempt(s) - 50.00%

Penalty Kill

Red Wings - 1 on 2 Attempt(s) - 50.00% - Score 0 goal in Penalty Kill
Flyers - 3 on 3 Attempt(s) - 100.00% - Score 0 goal in Penalty Kill

Team Stat

Red Wings - Hits : 19 - Faceoff Wins : 25 - Blocked Shots : 9 - Penalty Minutes : 4
Flyers - Hits : 16 - Faceoff Wins : 35 - Blocked Shots : 7 - Penalty Minutes : 6

Official

Referees : McCauley Wes and Devorski Paul
Linesman : Dan Schachte and Brad Kovachik

Game Notes

No Game Note

Finance

Level 1 -- Attendance: 6000 (100.00%) -- Ticket Income $510,000
Level 2 -- Attendance: 5000 (100.00%) -- Ticket Income $250,000
Level 3 -- Attendance: 2000 (100.00%) -- Ticket Income $60,000
Level 4 -- Attendance: 4000 (100.00%) -- Ticket Income $80,000
Luxury Box -- Attendance: 1000 (100.00%) -- Ticket Income $165,000
Game was played at the Wells Fargo Center.
Total Attendance: 18000 (100.00%)
Total Ticket Income: $1,065,000
Other Income: $159,750
Total Income: $1,224,750

Red Wings

5 vs 5 Forward 
   Center                   Left Wing                Right Wing               Time % Phy DF OF 
 1 Tyler Johnson            Rick Nash                Phil Kessel              40     0   2  3  
 2 Adam Henrique            Sean Bergenheim          Steve Downie             33     0   2  3  
 3 Nate Thompson            Alex Picard              Ales Hemsky              20     0   3  2  
 4 Casey Wellman            Tye McGinn               Mike Brown               7      1   2  2  

5 vs 5 Defense 
   Defense                  Defense                                           Time % Phy DF OF 
 1 Shea Weber               Ole-Kristian Tollefsen                            40     0   3  2  
 2 Jiri Fischer             Filip Kuba                                        35     0   3  2  
 3 Brendan Bell             Tim Ramholt                                       15     1   3  1  
 4 Brendan Bell             Tim Ramholt                                       10     1   3  1  

PowerPlay Forward 
   Center                   Left Wing                Right Wing               Time % Phy DF OF 
 1 Tyler Johnson            Rick Nash                Phil Kessel              60     0   1  4  
 2 Adam Henrique            Sean Bergenheim          Steve Downie             40     0   1  4  

PowerPlay Defense
   Defense                  Defense                                           Time % Phy DF OF 
 1 Shea Weber               Ole-Kristian Tollefsen                            60     0   2  3  
 2 Filip Kuba               Jiri Fischer                                      40     0   2  3  

Penalty Kill 4 Players Forward 
   Center                   Wing                     Time % Phy DF OF 
 1 Tyler Johnson            Steve Downie             50     1   2  2  
 2 Rick Nash                Sean Bergenheim          50     1   2  2  

Penalty Kill 4 Players Defense
   Defense                  Defense                  Time % Phy DF OF 
 1 Shea Weber               Ole-Kristian Tollefsen   50     1   2  2  
 2 Jiri Fischer             Tim Ramholt              50     1   2  2  

Penalty Kill - 3 Players Forward 
   Forward                                           Time % Phy DF OF 
 1 Tyler Johnson                                     60     1   2  2  
 2 Steve Downie                                      40     1   2  2  

Penalty Kill - 3 Players Defense
   Defense                  Defense                  Time % Phy DF OF 
 1 Shea Weber               Ole-Kristian Tollefsen   50     1   2  2  
 2 Jiri Fischer             Tim Ramholt              50     1   2  2  

4 vs 4 Forward 
   Center                   Wing                     Time % Phy DF OF 
 1 Adam Henrique            Rick Nash                60     1   2  2  
 2 Tyler Johnson            Phil Kessel              40     1   2  2  

4 vs 4 Defense
   Defense                  Defense                  Time % Phy DF OF 
 1 Shea Weber               Ole-Kristian Tollefsen   60     1   2  2  
 2 Jiri Fischer             Filip Kuba               40     1   2  2  

Last Minutes Offensive
   Center                   Left Wing                Right Wing               Defense                  Defense                  
   Tyler Johnson            Rick Nash                Phil Kessel              Shea Weber               Ole-Kristian Tollefsen   

Last Minutes Defensive
   Center                   Left Wing                Right Wing               Defense                  Defense                  
   Tyler Johnson            Rick Nash                Steve Downie             Shea Weber               Ole-Kristian Tollefsen   

Goaltenders
Starting : Michal Neuvirth          
Backup : Ilya Bryzgalov           

Extra Forwards
Normal : Rick Nash, Sean Bergenheim, Ales Hemsky - PP : Ales Hemsky, Nate Thompson - PK : Sean Bergenheim
Extra Defensemen
Normal : Shea Weber, Filip Kuba, Brendan Bell - PP : Brendan Bell - PK : Filip Kuba, Brendan Bell
Penalty Shots
Rick Nash, Steve Downie, Shea Weber, Phil Kessel, Ales Hemsky

Scratches
Marc Savard (Concussion Injury), Mike Richards (Sprained Left Finger Injury)

Flyers

5 vs 5 Forward 
   Center                   Left Wing                Right Wing               Time % Phy DF OF 
 1 Jeff Carter              Dany Heatley             Alexei Morozov           35     0   0  5  
 2 Kyle Wellwood            Chris Kreider            Jakub Voracek            35     0   0  5  
 3 Matthew Lombardi         Rostislav Olesz          Mats Zuccarello          20     0   5  0  
 4 Jeff O'Neill             Brock Nelson             Stefan Ruzicka           10     1   2  2  

5 vs 5 Defense 
   Defense                  Defense                                           Time % Phy DF OF 
 1 Steve McCarthy           Jeff Woywitka                                     40     0   5  0  
 2 Matt Smaby               Jonathan Ericsson                                 30     0   2  3  
 3 Pavel Kubina             Nathan Paetsch                                    20     0   2  3  
 4 Jeff Woywitka            Jonathan Ericsson                                 10     0   2  3  

PowerPlay Forward 
   Center                   Left Wing                Right Wing               Time % Phy DF OF 
 1 Jeff Carter              Dany Heatley             Alexei Morozov           60     1   0  4  
 2 Kyle Wellwood            Chris Kreider            Jakub Voracek            40     1   0  4  

PowerPlay Defense
   Defense                  Defense                                           Time % Phy DF OF 
 1 Jonathan Ericsson        Jeff Woywitka                                     60     0   1  4  
 2 Matt Smaby               Steve McCarthy                                    40     0   1  4  

Penalty Kill 4 Players Forward 
   Center                   Wing                     Time % Phy DF OF 
 1 Matthew Lombardi         Dany Heatley             60     0   5  0  
 2 Kyle Wellwood            Rostislav Olesz          40     0   5  0  

Penalty Kill 4 Players Defense
   Defense                  Defense                  Time % Phy DF OF 
 1 Jonathan Ericsson        Jeff Woywitka            60     0   5  0  
 2 Nathan Paetsch           Steve McCarthy           40     0   5  0  

Penalty Kill - 3 Players Forward 
   Forward                                           Time % Phy DF OF 
 1 Matthew Lombardi                                  60     0   5  0  
 2 Kyle Wellwood                                     40     0   5  0  

Penalty Kill - 3 Players Defense
   Defense                  Defense                  Time % Phy DF OF 
 1 Jonathan Ericsson        Jeff Woywitka            60     0   5  0  
 2 Nathan Paetsch           Steve McCarthy           40     0   5  0  

4 vs 4 Forward 
   Center                   Wing                     Time % Phy DF OF 
 1 Jeff Carter              Dany Heatley             60     1   1  3  
 2 Kyle Wellwood            Alexei Morozov           40     0   1  4  

4 vs 4 Defense
   Defense                  Defense                  Time % Phy DF OF 
 1 Jonathan Ericsson        Jeff Woywitka            60     0   2  3  
 2 Matt Smaby               Steve McCarthy           40     0   3  2  

Last Minutes Offensive
   Center                   Left Wing                Right Wing               Defense                  Defense                  
   Jeff Carter              Dany Heatley             Alexei Morozov           Jonathan Ericsson        Jeff Woywitka            

Last Minutes Defensive
   Center                   Left Wing                Right Wing               Defense                  Defense                  
   Matthew Lombardi         Dany Heatley             Alexei Morozov           Steve McCarthy           Jeff Woywitka            

Goaltenders
Starting : Cory Schneider           
Backup : Steve Mason              

Extra Forwards
Normal : Jeff Carter, Alexei Morozov, Kyle Wellwood - PP : Alexei Morozov, Jeff Carter - PK : Matthew Lombardi
Extra Defensemen
Normal : Pavel Kubina, Nathan Paetsch, Steve McCarthy - PP : Pavel Kubina - PK : Nathan Paetsch, Steve McCarthy
Penalty Shots
Dany Heatley, Jeff Carter, Kyle Wellwood, Alexei Morozov, Rostislav Olesz

Scratches
John-Michael Liles (Healthy), Rickard Wallin (Healthy)

% Time on Ice - Red Wings

Lines # - Real PCT - Wanted PCT - Time Play
Normal Forward
1 - 34% - 40% - 17:58
2 - 27% - 33% - 14:24
3 - 22% - 20% - 11:55
4 - 17% - 7% - 9:09
Normal Defense
1 - 41% - 40% - 21:49
2 - 35% - 35% - 18:48
3 - 15% - 15% - 7:50
4 - 9% - 10% - 4:59
PP Forward
1 - 57% - 60% - 2:31
2 - 43% - 40% - 1:52
PP Defense
1 - 65% - 60% - 2:52
2 - 35% - 40% - 1:31
PK Forward
1 - 48% - 50% - 1:03
2 - 52% - 50% - 1:08
PK Defense
1 - 49% - 50% - 1:04
2 - 51% - 50% - 1:07
PK3 Forward
1 - 0% - 60%
2 - 0% - 40%
PK3 Defense
1 - 0% - 50%
2 - 0% - 50%
44 Forward
1 - 0% - 60%
2 - 0% - 40%
44 Defense
1 - 0% - 60%
2 - 0% - 40%
Last Minute Offensive  - 0:00
Last Minute Defensive  - 0:00
Total
Forward - 60:00
Defense - 60:00

% Time on Ice - Flyers

Lines # - Real PCT - Wanted PCT - Time Play
Normal Forward
1 - 32% - 35% - 16:55
2 - 33% - 35% - 17:22
3 - 20% - 20% - 10:44
4 - 16% - 10% - 8:25
Normal Defense
1 - 36% - 40% - 19:08
2 - 32% - 30% - 17:15
3 - 26% - 20% - 14:03
4 - 6% - 10% - 3:00
PP Forward
1 - 56% - 60% - 1:13
2 - 44% - 40% - 0:58
PP Defense
1 - 60% - 60% - 1:19
2 - 40% - 40% - 0:52
PK Forward
1 - 72% - 60% - 3:10
2 - 28% - 40% - 1:13
PK Defense
1 - 65% - 60% - 2:51
2 - 35% - 40% - 1:32
PK3 Forward
1 - 0% - 60%
2 - 0% - 40%
PK3 Defense
1 - 0% - 60%
2 - 0% - 40%
44 Forward
1 - 0% - 60%
2 - 0% - 40%
44 Defense
1 - 0% - 60%
2 - 0% - 40%
Last Minute Offensive  - 0:00
Last Minute Defensive  - 0:00
Total
Forward - 60:00
Defense - 60:00

Play by Play

1st period


0:01 of 1st period - Jeff Carter wins face-off versus Tyler Johnson in neutral zone.
0:57 of 1st period - Wrist shot by Nate Thompson.
0:57 of 1st period - Shot Misses the Net.
1:09 of 1st period - Jiri Fischer is hit by Jeff O'Neill and loses puck.
1:58 of 1st period - Wrist shot by Jakub Voracek.
1:58 of 1st period - Stopped by Michal Neuvirth without a rebound.
1:59 of 1st period - Nate Thompson wins face-off versus Matthew Lombardi in Red Wings zone.
2:21 of 1st period - Icing by Matthew Lombardi.
2:22 of 1st period - Tyler Johnson wins face-off versus Matthew Lombardi in Flyers zone.
2:30 of 1st period - Icing by Mats Zuccarello.
2:31 of 1st period - Tyler Johnson wins face-off versus Matthew Lombardi in Flyers zone.
2:48 of 1st period - Wrist shot by Phil Kessel.
2:48 of 1st period - Shot Misses the Net.
3:13 of 1st period - Off-side.
3:14 of 1st period - Kyle Wellwood wins face-off versus Adam Henrique in neutral zone.
3:19 of 1st period - Slapshot by Kyle Wellwood.
3:19 of 1st period - Shot Blocked by Filip Kuba.
3:25 of 1st period - Snap shot by Steve Downie.
3:25 of 1st period - Stopped by Cory Schneider with a rebound.
3:29 of 1st period - Wrist shot by Sean Bergenheim.
3:29 of 1st period - Deflect By Steve Downie.
3:29 of 1st period - Shot Misses the Net.
3:29 of 1st period - Puck is out of play.
3:30 of 1st period - Jeff Carter wins face-off versus Nate Thompson in Flyers zone.
4:02 of 1st period - Wrist shot by Adam Henrique.
4:02 of 1st period - Shot Misses the Net.
4:04 of 1st period - Slapshot by Filip Kuba.
4:04 of 1st period - Deflect By Chris Kreider.
4:04 of 1st period - Stopped by Cory Schneider without a rebound.
4:05 of 1st period - Adam Henrique wins face-off versus Kyle Wellwood in Flyers zone.
4:08 of 1st period - Snap shot by Steve Downie.
4:08 of 1st period - Stopped by Cory Schneider without a rebound.
4:09 of 1st period - Adam Henrique wins face-off versus Kyle Wellwood in Flyers zone.
4:12 of 1st period - Snap shot by Sean Bergenheim.
4:12 of 1st period - Goal by Sean Bergenheim - Red Wings : 1 - Flyers : 0.
4:13 of 1st period - Jeff Carter wins face-off versus Adam Henrique in neutral zone.
4:18 of 1st period - Snap shot by Dany Heatley.
4:18 of 1st period - Shot Misses the Net.
5:06 of 1st period - Ole-Kristian Tollefsen is hit by Pavel Kubina.
6:15 of 1st period - Snap shot by Rick Nash.
6:15 of 1st period - Stopped by Cory Schneider with a rebound.
6:23 of 1st period - Tyler Johnson is hit by Jonathan Ericsson.
6:31 of 1st period - Wrist shot by Kyle Wellwood.
6:31 of 1st period - Shot Blocked by Nate Thompson.
6:33 of 1st period - Slapshot by Matt Smaby.
6:33 of 1st period - Shot Misses the Net.
6:35 of 1st period - Slapshot by Jonathan Ericsson.
6:35 of 1st period - Stopped by Michal Neuvirth without a rebound.
6:36 of 1st period - Casey Wellman wins face-off versus Jeff Carter in Red Wings zone.
6:41 of 1st period - Wrist shot by Tye McGinn.
6:41 of 1st period - Shot Misses the Net.
6:43 of 1st period - Slapshot by Filip Kuba.
6:43 of 1st period - Shot Misses the Net.
6:45 of 1st period - Slapshot by Filip Kuba.
6:45 of 1st period - Stopped by Cory Schneider with a rebound.
6:47 of 1st period - Slapshot by Jiri Fischer.
6:47 of 1st period - Stopped by Cory Schneider with a rebound.
6:49 of 1st period - Snap shot by Tye McGinn.
6:49 of 1st period - Stopped by Cory Schneider with a rebound.
6:51 of 1st period - Snap shot by Filip Kuba.
6:51 of 1st period - Deflect By Mike Brown.
6:51 of 1st period - Shot Misses the Net.
6:51 of 1st period - Puck is out of play.
6:52 of 1st period - Jeff O'Neill wins face-off versus Tyler Johnson in Flyers zone.
7:27 of 1st period - Slapshot by Adam Henrique.
7:27 of 1st period - Shot Misses the Net.
9:13 of 1st period - Snap shot by Rick Nash.
9:13 of 1st period - Stopped by Cory Schneider with a rebound.
9:15 of 1st period - Slapshot by Tyler Johnson.
9:15 of 1st period - Shot Misses the Net.
9:46 of 1st period - Matthew Lombardi is hit by Ole-Kristian Tollefsen and loses puck.
9:59 of 1st period - Slapshot by Pavel Kubina.
9:59 of 1st period - Shot Blocked by Rick Nash.
10:01 of 1st period - Slapshot by Jakub Voracek.
10:01 of 1st period - Shot Blocked by Rick Nash.
10:03 of 1st period - Snap shot by Nathan Paetsch.
10:03 of 1st period - Stopped by Michal Neuvirth without a rebound.
10:04 of 1st period - Kyle Wellwood wins face-off versus Nate Thompson in Red Wings zone.
10:09 of 1st period - Backhand shot by Jakub Voracek.
10:09 of 1st period - Shot Misses the Net.
10:11 of 1st period - Slapshot by Chris Kreider.
10:11 of 1st period - Deflect By Jakub Voracek.
10:11 of 1st period - Shot Misses the Net.
10:11 of 1st period - Puck is out of play.
10:12 of 1st period - Nate Thompson wins face-off versus Jeff Carter in Red Wings zone.
10:17 of 1st period - Jeff Woywitka is hit by Alex Picard and loses puck.
11:14 of 1st period - Snap shot by Nate Thompson.
11:14 of 1st period - Stopped by Cory Schneider without a rebound.
11:15 of 1st period - Tyler Johnson wins face-off versus Kyle Wellwood in Flyers zone.
11:22 of 1st period - Wrist shot by Phil Kessel.
11:22 of 1st period - Stopped by Cory Schneider without a rebound.
11:23 of 1st period - Tyler Johnson wins face-off versus Kyle Wellwood in Flyers zone.
11:26 of 1st period - Wrist shot by Phil Kessel.
11:26 of 1st period - Shot Misses the Net.
11:44 of 1st period - Wrist shot by Rick Nash.
11:44 of 1st period - Stopped by Cory Schneider without a rebound.
11:45 of 1st period - Jeff O'Neill wins face-off versus Adam Henrique in Flyers zone.
11:45 of 1st period - Jeff O'Neill is hit by Sean Bergenheim.
12:11 of 1st period - Filip Kuba is hit by Chris Kreider and loses puck.
13:55 of 1st period - Off-side.
13:56 of 1st period - Tyler Johnson wins face-off versus Jeff Carter in neutral zone.
14:08 of 1st period - Wrist shot by Dany Heatley.
14:08 of 1st period - Shot Blocked by Brendan Bell.
14:48 of 1st period - Snap shot by Filip Kuba.
14:48 of 1st period - Deflect By Mats Zuccarello.
14:48 of 1st period - Stopped by Cory Schneider without a rebound.
14:49 of 1st period - Tyler Johnson wins face-off versus Mats Zuccarello in Flyers zone.
14:50 of 1st period - Snap shot by Phil Kessel.
14:50 of 1st period - Shot Misses the Net.
14:52 of 1st period - Snap shot by Phil Kessel.
14:52 of 1st period - Stopped by Cory Schneider without a rebound.
14:53 of 1st period - Tyler Johnson wins face-off versus Kyle Wellwood in Flyers zone.
14:54 of 1st period - Wrist shot by Phil Kessel.
14:54 of 1st period - Goal by Phil Kessel - Red Wings : 2 - Flyers : 0.
14:55 of 1st period - Tyler Johnson wins face-off versus Kyle Wellwood in neutral zone.
15:30 of 1st period - Wrist shot by Sean Bergenheim.
15:30 of 1st period - Shot Misses the Net.
15:32 of 1st period - Slapshot by Shea Weber.
15:32 of 1st period - Stopped by Cory Schneider with a rebound.
15:34 of 1st period - Slapshot by Ole-Kristian Tollefsen.
15:34 of 1st period - Shot Misses the Net.
15:55 of 1st period - Minor Penalty to Mats Zuccarello for Hooking.
15:56 of 1st period - Matthew Lombardi wins face-off versus Tyler Johnson in Flyers zone.
16:26 of 1st period - Slapshot by Steve Downie.
16:26 of 1st period - Shot Misses the Net.
16:28 of 1st period - Wrist shot by Sean Bergenheim.
16:28 of 1st period - Shot Blocked by Matthew Lombardi.
16:30 of 1st period - Wrist shot by Shea Weber.
16:30 of 1st period - Shot Blocked by Jeff Woywitka.
17:47 of 1st period - Steve Downie is hit by Kyle Wellwood.
17:53 of 1st period - Icing by Steve Downie.
17:54 of 1st period - Matthew Lombardi wins face-off versus Adam Henrique in Red Wings zone.
17:55 of 1st period - Penalty to Mats Zuccarello is over, Mats Zuccarello is back on ice.
17:57 of 1st period - Wrist shot by Matthew Lombardi.
17:57 of 1st period - Stopped by Michal Neuvirth without a rebound.
17:58 of 1st period - Kyle Wellwood wins face-off versus Ales Hemsky in Red Wings zone.
18:03 of 1st period - Wrist shot by Chris Kreider.
18:03 of 1st period - Shot Misses the Net.
18:13 of 1st period - Nathan Paetsch is hit by Ales Hemsky and loses puck.
18:26 of 1st period - Ole-Kristian Tollefsen is hit by Dany Heatley and loses puck.
18:33 of 1st period - Snap shot by Alexei Morozov.
18:33 of 1st period - Stopped by Michal Neuvirth with a rebound.
18:35 of 1st period - Wrist shot by Dany Heatley.
18:35 of 1st period - Shot Blocked by Phil Kessel.
18:37 of 1st period - Snap shot by Jeff Carter.
18:37 of 1st period - Shot Misses the Net.
18:54 of 1st period - Slapshot by Jonathan Ericsson.
18:54 of 1st period - Shot Misses the Net.
18:56 of 1st period - Wrist shot by Rostislav Olesz.
18:56 of 1st period - Shot Misses the Net.
19:32 of 1st period - Snap shot by Chris Kreider.
19:32 of 1st period - Stopped by Michal Neuvirth without a rebound.
19:33 of 1st period - Kyle Wellwood wins face-off versus Tyler Johnson in Red Wings zone.
19:59 of 1st period - Sean Bergenheim is hit by Steve McCarthy and loses puck.
Goals for this period are 2 for Red Wings vs 0 for Flyers.
Shots for this period are 16 for Red Wings vs 6 for Flyers.

2nd period


0:01 of 2nd period - Jeff Carter wins face-off versus Tyler Johnson in neutral zone.
0:14 of 2nd period - Slapshot by Shea Weber.
0:14 of 2nd period - Shot Blocked by Alexei Morozov.
0:38 of 2nd period - Wrist shot by Jakub Voracek.
0:38 of 2nd period - Shot Misses the Net.
0:52 of 2nd period - Wrist shot by Alex Picard.
0:52 of 2nd period - Shot Blocked by Matthew Lombardi.
1:18 of 2nd period - Snap shot by Stefan Ruzicka.
1:18 of 2nd period - Stopped by Michal Neuvirth without a rebound.
1:19 of 2nd period - Jeff Carter wins face-off versus Tyler Johnson in Red Wings zone.
2:02 of 2nd period - Minor Penalty to Chris Kreider for Goalie Interference.
2:03 of 2nd period - Matthew Lombardi wins face-off versus Tyler Johnson in Flyers zone.
4:02 of 2nd period - Penalty to Chris Kreider is over, Chris Kreider is back on ice.
4:03 of 2nd period - Jeff Carter is hit by Ole-Kristian Tollefsen and loses puck.
5:11 of 2nd period - Icing by Chris Kreider.
5:12 of 2nd period - Tyler Johnson wins face-off versus Rostislav Olesz in Flyers zone.
5:13 of 2nd period - Slapshot by Phil Kessel.
5:13 of 2nd period - Stopped by Cory Schneider with a rebound.
5:35 of 2nd period - Adam Henrique is hit by Jeff Carter and loses puck.
6:05 of 2nd period - Filip Kuba is hit by Steve McCarthy and loses puck.
6:18 of 2nd period - Wrist shot by Ole-Kristian Tollefsen.
6:18 of 2nd period - Stopped by Cory Schneider with a rebound.
6:20 of 2nd period - Backhand shot by Ole-Kristian Tollefsen.
6:20 of 2nd period - Stopped by Cory Schneider with a rebound.
6:22 of 2nd period - Slapshot by Tye McGinn.
6:22 of 2nd period - Stopped by Cory Schneider without a rebound.
6:23 of 2nd period - Jeff Carter wins face-off versus Casey Wellman in Flyers zone.
6:34 of 2nd period - Wrist shot by Alexei Morozov.
6:34 of 2nd period - Stopped by Michal Neuvirth with a rebound.
6:42 of 2nd period - Slapshot by Mike Brown.
6:42 of 2nd period - Shot Misses the Net.
6:44 of 2nd period - Slapshot by Filip Kuba.
6:44 of 2nd period - Shot Blocked by Jonathan Ericsson.
6:46 of 2nd period - Snap shot by Mike Brown.
6:46 of 2nd period - Shot Misses the Net.
6:48 of 2nd period - Snap shot by Tye McGinn.
6:48 of 2nd period - Shot Misses the Net.
6:50 of 2nd period - Snap shot by Mike Brown.
6:50 of 2nd period - Stopped by Cory Schneider with a rebound.
6:52 of 2nd period - Snap shot by Casey Wellman.
6:52 of 2nd period - Shot Misses the Net.
6:54 of 2nd period - Slapshot by Shea Weber.
6:54 of 2nd period - Shot Misses the Net.
6:56 of 2nd period - Snap shot by Mike Brown.
6:56 of 2nd period - Goal by Mike Brown - Red Wings : 3 - Flyers : 0.
6:57 of 2nd period - Tyler Johnson wins face-off versus Kyle Wellwood in neutral zone.
7:00 of 2nd period - Chris Kreider is hit by Shea Weber and loses puck.
7:23 of 2nd period - Chris Kreider is hit by Alex Picard and loses puck.
7:44 of 2nd period - Snap shot by Kyle Wellwood.
7:44 of 2nd period - Shot Blocked by Jiri Fischer.
9:13 of 2nd period - Wrist shot by Alexei Morozov.
9:13 of 2nd period - Stopped by Michal Neuvirth with a rebound.
10:06 of 2nd period - Wrist shot by Filip Kuba.
10:06 of 2nd period - Stopped by Cory Schneider with a rebound.
10:26 of 2nd period - Wrist shot by Ales Hemsky.
10:26 of 2nd period - Shot Misses the Net.
10:28 of 2nd period - Snap shot by Alex Picard.
10:28 of 2nd period - Shot Misses the Net.
10:55 of 2nd period - Jonathan Ericsson is hit by Sean Bergenheim and loses puck.
11:45 of 2nd period - Nate Thompson is hit by Nathan Paetsch.
12:00 of 2nd period - Matthew Lombardi is hit by Steve Downie.
12:41 of 2nd period - Snap shot by Stefan Ruzicka.
12:41 of 2nd period - Shot Misses the Net.
12:43 of 2nd period - Slapshot by Brock Nelson.
12:43 of 2nd period - Shot Misses the Net.
13:02 of 2nd period - Steve Downie is hit by Jakub Voracek and loses puck.
13:17 of 2nd period - Rostislav Olesz is hit by Brendan Bell and loses puck.
13:22 of 2nd period - Snap shot by Alex Picard.
13:22 of 2nd period - Shot Misses the Net.
13:24 of 2nd period - Wrist shot by Ales Hemsky.
13:24 of 2nd period - Goal by Ales Hemsky - Red Wings : 4 - Flyers : 0.
13:25 of 2nd period - Jakub Voracek wins face-off versus Tyler Johnson in neutral zone.
13:28 of 2nd period - Slapshot by Pavel Kubina.
13:28 of 2nd period - Stopped by Michal Neuvirth without a rebound.
13:29 of 2nd period - Kyle Wellwood wins face-off versus Tyler Johnson in Red Wings zone.
13:32 of 2nd period - Wrist shot by Jakub Voracek.
13:32 of 2nd period - Stopped by Michal Neuvirth with a rebound.
13:34 of 2nd period - Wrist shot by Pavel Kubina.
13:34 of 2nd period - Stopped by Michal Neuvirth without a rebound.
13:35 of 2nd period - Tyler Johnson wins face-off versus Jakub Voracek in Red Wings zone.
13:56 of 2nd period - Snap shot by Jakub Voracek.
13:56 of 2nd period - Stopped by Michal Neuvirth without a rebound.
13:57 of 2nd period - Jeff Carter wins face-off versus Adam Henrique in Red Wings zone.
14:42 of 2nd period - Off-side.
14:43 of 2nd period - Nate Thompson wins face-off versus Matthew Lombardi in neutral zone.
14:48 of 2nd period - Wrist shot by Nate Thompson.
14:48 of 2nd period - Deflect By Alex Picard.
14:48 of 2nd period - Stopped by Cory Schneider without a rebound.
14:49 of 2nd period - Jeff Carter wins face-off versus Tyler Johnson in Flyers zone.
15:38 of 2nd period - Snap shot by Ole-Kristian Tollefsen.
15:38 of 2nd period - Stopped by Cory Schneider with a rebound.
17:21 of 2nd period - Off-side.
17:22 of 2nd period - Mats Zuccarello wins face-off versus Tyler Johnson in neutral zone.
17:47 of 2nd period - Jakub Voracek is hit by Steve Downie and loses puck.
17:56 of 2nd period - Wrist shot by Jakub Voracek.
17:56 of 2nd period - Shot Misses the Net.
18:35 of 2nd period - Snap shot by Jeff Carter.
18:35 of 2nd period - Shot Misses the Net.
18:54 of 2nd period - Wrist shot by Rick Nash.
18:54 of 2nd period - Deflect By Phil Kessel.
18:54 of 2nd period - Deflect By Jeff Woywitka.
18:54 of 2nd period - Shot Misses the Net.
18:54 of 2nd period - Puck is out of play.
18:55 of 2nd period - Kyle Wellwood wins face-off versus Tyler Johnson in Flyers zone.
19:04 of 2nd period - Slapshot by Chris Kreider.
19:04 of 2nd period - Shot Misses the Net.
19:06 of 2nd period - Wrist shot by Kyle Wellwood.
19:06 of 2nd period - Shot Misses the Net.
19:08 of 2nd period - Snap shot by Kyle Wellwood.
19:08 of 2nd period - Shot Misses the Net.
19:10 of 2nd period - Slapshot by Pavel Kubina.
19:10 of 2nd period - Stopped by Michal Neuvirth without a rebound.
19:11 of 2nd period - Alexei Morozov wins face-off versus Adam Henrique in Red Wings zone.
19:20 of 2nd period - Snap shot by Alexei Morozov.
19:20 of 2nd period - Stopped by Michal Neuvirth with a rebound.
19:22 of 2nd period - Slapshot by Jonathan Ericsson.
19:22 of 2nd period - Shot Misses the Net.
19:24 of 2nd period - Slapshot by Dany Heatley.
19:24 of 2nd period - Stopped by Michal Neuvirth with a rebound.
19:26 of 2nd period - Slapshot by Jeff Woywitka.
19:26 of 2nd period - Stopped by Michal Neuvirth without a rebound.
19:27 of 2nd period - Kyle Wellwood wins face-off versus Tyler Johnson in Red Wings zone.
19:54 of 2nd period - Adam Henrique is hit by Jeff Woywitka and loses puck.
Goals for this period are 2 for Red Wings vs 0 for Flyers.
Shots for this period are 10 for Red Wings vs 11 for Flyers.

3rd period


0:01 of 3rd period - Tyler Johnson wins face-off versus Jeff Carter in neutral zone.
0:06 of 3rd period - Wrist shot by Rick Nash.
0:06 of 3rd period - Stopped by Cory Schneider without a rebound.
0:07 of 3rd period - Jeff Carter wins face-off versus Tyler Johnson in Flyers zone.
1:25 of 3rd period - Wrist shot by Phil Kessel.
1:25 of 3rd period - Shot Misses the Net.
1:27 of 3rd period - Slapshot by Shea Weber.
1:27 of 3rd period - Shot Misses the Net.
1:29 of 3rd period - Snap shot by Phil Kessel.
1:29 of 3rd period - Deflect By Tyler Johnson.
1:29 of 3rd period - Shot Blocked by Jeff Woywitka.
1:29 of 3rd period - Puck is out of play.
1:30 of 3rd period - Kyle Wellwood wins face-off versus Adam Henrique in Flyers zone.
1:35 of 3rd period - Wrist shot by Chris Kreider.
1:35 of 3rd period - Stopped by Michal Neuvirth with a rebound.
2:18 of 3rd period - Wrist shot by Jiri Fischer.
2:18 of 3rd period - Shot Blocked by Matt Smaby.
2:20 of 3rd period - Snap shot by Jiri Fischer.
2:20 of 3rd period - Stopped by Cory Schneider without a rebound.
2:21 of 3rd period - Kyle Wellwood wins face-off versus Casey Wellman in Flyers zone.
2:46 of 3rd period - Matthew Lombardi is hit by Tim Ramholt.
3:41 of 3rd period - Icing by Tye McGinn.
3:42 of 3rd period - Tyler Johnson wins face-off versus Dany Heatley in Red Wings zone.
3:53 of 3rd period - Snap shot by Alexei Morozov.
3:53 of 3rd period - Shot Blocked by Jiri Fischer.
3:59 of 3rd period - Wrist shot by Alexei Morozov.
3:59 of 3rd period - Shot Misses the Net.
4:09 of 3rd period - Pavel Kubina is hit by Steve Downie and loses puck.
4:36 of 3rd period - Stefan Ruzicka is hit by Steve Downie.
5:10 of 3rd period - Snap shot by Dany Heatley.
5:10 of 3rd period - Shot Misses the Net.
5:41 of 3rd period - Wrist shot by Tyler Johnson.
5:41 of 3rd period - Stopped by Cory Schneider without a rebound.
5:42 of 3rd period - Jeff Carter wins face-off versus Nate Thompson in Flyers zone.
7:14 of 3rd period - Slapshot by Jeff Carter.
7:14 of 3rd period - Shot Misses the Net.
7:16 of 3rd period - Wrist shot by Steve McCarthy.
7:16 of 3rd period - Shot Misses the Net.
7:18 of 3rd period - Wrist shot by Alexei Morozov.
7:18 of 3rd period - Shot Misses the Net.
7:30 of 3rd period - Tim Ramholt is hit by Steve McCarthy and loses puck.
8:18 of 3rd period - Dany Heatley is hit by Steve Downie and loses puck.
8:57 of 3rd period - Snap shot by Brock Nelson.
8:57 of 3rd period - Stopped by Michal Neuvirth with a rebound.
8:59 of 3rd period - Slapshot by Matt Smaby.
8:59 of 3rd period - Stopped by Michal Neuvirth without a rebound.
9:00 of 3rd period - Adam Henrique wins face-off versus Kyle Wellwood in Red Wings zone.
9:27 of 3rd period - Wrist shot by Rostislav Olesz.
9:27 of 3rd period - Shot Misses the Net.
10:00 of 3rd period - Slapshot by Jonathan Ericsson.
10:00 of 3rd period - Deflect By Alex Picard.
10:00 of 3rd period - Stopped by Michal Neuvirth without a rebound.
10:01 of 3rd period - Kyle Wellwood wins face-off versus Adam Henrique in Red Wings zone.
10:02 of 3rd period - Slapshot by Jakub Voracek.
10:02 of 3rd period - Shot Blocked by Ole-Kristian Tollefsen.
10:04 of 3rd period - Slapshot by Steve McCarthy.
10:04 of 3rd period - Stopped by Michal Neuvirth without a rebound.
10:05 of 3rd period - Kyle Wellwood wins face-off versus Adam Henrique in Red Wings zone.
10:12 of 3rd period - Snap shot by Chris Kreider.
10:12 of 3rd period - Shot Hit the Post.
10:14 of 3rd period - Snap shot by Kyle Wellwood.
10:14 of 3rd period - Deflect By Jakub Voracek.
10:14 of 3rd period - Stopped by Michal Neuvirth with a rebound.
10:16 of 3rd period - Wrist shot by Jakub Voracek.
10:16 of 3rd period - Stopped by Michal Neuvirth without a rebound.
10:17 of 3rd period - Kyle Wellwood wins face-off versus Phil Kessel in Red Wings zone.
10:24 of 3rd period - Snap shot by Kyle Wellwood.
10:24 of 3rd period - Stopped by Michal Neuvirth with a rebound.
10:54 of 3rd period - Snap shot by Dany Heatley.
10:54 of 3rd period - Stopped by Michal Neuvirth without a rebound.
10:55 of 3rd period - Kyle Wellwood wins face-off versus Tyler Johnson in Red Wings zone.
11:09 of 3rd period - Off-side.
11:10 of 3rd period - Adam Henrique wins face-off versus Jeff Carter in neutral zone.
11:33 of 3rd period - Minor Penalty to Sean Bergenheim for Holding.
11:34 of 3rd period - Tyler Johnson wins face-off versus Jeff Carter in Red Wings zone.
11:45 of 3rd period - Snap shot by Jeff Carter.
11:45 of 3rd period - Goal by Jeff Carter - Red Wings : 4 - Flyers : 1.
11:46 of 3rd period - Kyle Wellwood wins face-off versus Tyler Johnson in neutral zone.
11:51 of 3rd period - Wrist shot by Jakub Voracek.
11:51 of 3rd period - Shot Misses the Net.
11:53 of 3rd period - Slapshot by Jeff Woywitka.
11:53 of 3rd period - Stopped by Michal Neuvirth with a rebound.
11:55 of 3rd period - Slapshot by Steve McCarthy.
11:55 of 3rd period - Shot Misses the Net.
12:00 of 3rd period - Minor Penalty to Filip Kuba for Slashing.
12:01 of 3rd period - Dany Heatley wins face-off versus Steve Downie in Red Wings zone.
13:26 of 3rd period - Tim Ramholt is hit by Jonathan Ericsson and loses puck.
14:00 of 3rd period - Penalty to Filip Kuba is over, Filip Kuba is back on ice.
14:05 of 3rd period - Alexei Morozov is hit by Brendan Bell and loses puck.
14:42 of 3rd period - Phil Kessel is hit by Mats Zuccarello.
15:46 of 3rd period - Jeff Woywitka is hit by Ales Hemsky and loses puck.
16:31 of 3rd period - Tye McGinn is hit by Brock Nelson and loses puck.
17:37 of 3rd period - Icing by Stefan Ruzicka.
17:38 of 3rd period - Matthew Lombardi wins face-off versus Casey Wellman in Flyers zone.
18:07 of 3rd period - Slapshot by Alexei Morozov.
18:07 of 3rd period - Deflect By Jeff Carter.
18:07 of 3rd period - Stopped by Michal Neuvirth without a rebound.
18:08 of 3rd period - Tyler Johnson wins face-off versus Kyle Wellwood in Red Wings zone.
18:13 of 3rd period - Matt Smaby is hit by Rick Nash and loses puck.
18:28 of 3rd period - Jonathan Ericsson is hit by Brendan Bell and loses puck.
18:47 of 3rd period - Snap shot by Tyler Johnson.
18:47 of 3rd period - Shot Misses the Net.
19:02 of 3rd period - Wrist shot by Tyler Johnson.
19:02 of 3rd period - Stopped by Cory Schneider without a rebound.
19:03 of 3rd period - Jeff Carter wins face-off versus Adam Henrique in Flyers zone.
19:12 of 3rd period - Slapshot by Shea Weber.
19:12 of 3rd period - Shot Hit the Post.
19:27 of 3rd period - Icing by Ole-Kristian Tollefsen.
19:28 of 3rd period - Nate Thompson wins face-off versus Matthew Lombardi in Red Wings zone.
19:34 of 3rd period - Minor Penalty to Mats Zuccarello for Roughing.
19:35 of 3rd period - Tyler Johnson wins face-off versus Matthew Lombardi in Flyers zone.
19:43 of 3rd period - Snap shot by Phil Kessel.
19:43 of 3rd period - Stopped by Cory Schneider with a rebound.
Goals for this period are 0 for Red Wings vs 1 for Flyers.
Shots for this period are 5 for Red Wings vs 12 for Flyers.